 Dungeon Crawl Stone Soup version 0.30-a0-313-gae38170b09 (webtiles) character file.

Game seed: 15033006252508430220

11 ryw the Trooper (level 2, 22/25 HPs)
             Began as a Demonspawn Monk on Oct 26, 2022.
             Quit the game on level 1 of the Dungeon.
             The game lasted 00:00:32 (373 turns).

ryw the Trooper (Demonspawn Monk)                    Turns: 373, Time: 00:00:33

Health: 22/25      AC:  2    Str: 11    XL:     2   Next: 17%
Magic:  2/2        EV: 12    Int: 11    God:
Gold:   49         SH:  0    Dex: 15    Spells: 1/1 levels left

rFire   . . .      SeeInvis .    c - +2 short sword (elec)
rCold   . . .      Faith    .    (no shield)
rNeg    . . .      Spirit   .    a - +0 robe
rPois   .          Reflect  .    (helmet restricted)
rElec   .          Harm     .    (no cloak)
rCorr   .          Rampage  .    (no gloves)
Will    .....                    (no boots)
Stlth   ++........               (no amulet)
HPRegen 0.24/turn                (no ring)
MPRegen 0.08/turn                (no ring)

@: no status effects
A: horns 1
a: no special abilities


You were on level 1 of the Dungeon.
You visited 1 branch of the dungeon, and saw 1 of its levels.

You collected 49 gold pieces.

Inventory:

Hand Weapons
 c - a +2 short sword of electrocution (weapon)
Armour
 a - a +0 robe (worn)
Potions
 b - a potion of ambrosia
 d - a potion of haste {unknown}


   Skills:
 + Level 3.7 Fighting
 - Level 2.6 Dodging
 - Level 1.7 Stealth
 - Level 2.6 Unarmed Combat


You had one spell level left.
You didn't know any spells.
Your spell library contained the following spells:

 Spells                   Type           Power      Damage    Failure   Level
 Slow                     Hex            0%         N/A       34%         1
 Confusing Touch          Hex            0%         N/A       71%         3
 Vampiric Draining        Necr           0%         2d6       71%         3


Dungeon Overview and Level Annotations

Branches:
Dungeon (1/15)

Altars:


Innate Abilities, Weirdness & Mutations

You have a pair of small horns on your head.


Message History

You now have 49 gold pieces (gained 7). 3 jackals come into view.
The jackal barks! x3
You completely miss the jackal. The jackal barely misses you.
The jackal bites you.
You closely miss the jackal. The jackal closely misses you.
You hit the jackal. Lightning courses through the jackal!
You kill the jackal!
You hit the jackal but do no damage. You headbutt the jackal.
The jackal is severely wounded.
The jackal bites you but does no damage.
You closely miss the jackal.
The jackal is severely wounded.
The jackal misses you. x2
You hit the jackal.
The jackal is almost dead.
The jackal misses you.
You hit the jackal but do no damage. Your headbutt misses the jackal.
The jackal is almost dead.
The jackal bites you. The jackal barely misses you.
You closely miss the jackal. Your headbutt misses the jackal.
You punch the jackal, but do no damage.
The jackal is almost dead.
The jackal closely misses you.
You hit the jackal.
You kill the jackal!
You hit the jackal. Your headbutt misses the jackal.
The jackal is heavily wounded.
The jackal barely misses you.
The jackal bites you but does no damage.
You closely miss the jackal.
The jackal is heavily wounded.
The jackal bites you but does no damage.
You closely miss the jackal. You headbutt the jackal.
The jackal is severely wounded.
The jackal bites you.
You barely miss the jackal.
The jackal is severely wounded.
The jackal closely misses you. The jackal barely misses you.
Are you sure you want to abandon this character and quit the game? (Confirm with "yes".)

#.# ##P... #.#
##P.. #.# ##P. #.#
##P #.###### ##
######.##...######
..........#......#
.#####.##...####.#
##### ##...#####
#@# #.... #.....#
#h# #.### ##...##
#.# #.# ##.## #.#
#####.### #.# #.#
#........ #.# #.#
#.###.### ##'##
##.#. ### #.#
#.### ##...## #.#
# ..# #.# #..##
##.....## #.#. #.#
#.####†##


You could see a jackal.

Vanquished Creatures
  A ball python (D:1)
  2 endoplasms (D:1)
  A goblin (D:1)
  A hobgoblin (D:1)
  2 jackals (D:1)
  2 kobolds (D:1)
  A rat (D:1)
10 creatures vanquished.

Notes
Turn   | Place    | Note
-------+----------+-------------------------------------------
     0 | D:1      | ryw the Demonspawn Monk began the quest for the Orb.
     0 | D:1      | Reached XP level 1. HP: 18/18 MP: 1/1
   304 | D:1      | Gained mutation: You have a pair of small horns on your
                  | head. [demonic ancestry]
   304 | D:1      | Reached XP level 2. HP: 19/24 MP: 2/2
   373 | D:1      | Quit the game

Illustrated notes

Levels and vault maps discovered:
D:1:      co_arrival_hexagon_in_a_hexagon, layout_loops_corners,
          chequers_ecumenical_altar_grove, chequers_decorated_corner

Action                   || total
-------------------------++-------
Melee: Short sword       ||    31
       Unarmed           ||     7
       Headbutt          ||     2
       Punch             ||     1
Armor: Robe              ||     7
Dodge: Dodged            ||    18

Table legend: (Time is in decaauts)
 A = Elapsed time spent in this place.
 B = Non-inter-level travel time spent in this place.
 C = Inter-level travel time spent in this place.
 D = Time resting spent in this place.
 E = Time spent auto-exploring this place.
 F = Levels seen in this place.
 G = Mean time per level.
                   A        B        C        D        E       F      G
               +--------+--------+--------+--------+--------+-----+--------+
         Total |    372 |    372 |      0 |      0 |    295 |   1 |  372.0 |
       Dungeon |    372 |    372 |      0 |      0 |    295 |   1 |  372.0 |
               +--------+--------+--------+--------+--------+-----+--------+

Top non-repeatable levels by time:
     D:1: 372 daAuts
